 Dungeon Crawl Stone Soup version 0.27-b1-23-g44b8eac545 (webtiles) character file.

Game seed: 17458368809889655090

277 ZARRMARR the Chopper (level 6, -1/53 HPs)
             Began as a Hill Orc Fighter on July 28, 2021.
             Succumbed to Robin's poison
             ... on level 3 of the Dungeon.
             The game lasted 00:12:57 (2922 turns).

ZARRMARR the Chopper (Hill Orc Fighter)             Turns: 2922, Time: 00:12:58

Health: -1/53      AC:  4    Str: 20    XL:     6   Next: 26%
Magic:  15/15      EV:  9    Int:  8    God:
Gold:   54         SH:  9    Dex: 11    Spells: 5/5 levels left

rFire    . . .     SeeInvis .   a - +0 war axe
rCold    . . .     Faith    .   c - +0 kite shield
rNeg     . . .     Spirit   .   m - +2 robe {Will+}
rPois    .         Reflect  .   (no helmet)
rElec    .         Harm     .   (no cloak)
rCorr    .         Rampage  .   (no gloves)
Will     +....                  (no boots)
Stlth    +.........             (no amulet)
HPRegen  0.17/turn              e - ring of magical power
MPRegen  0.14/turn              (no ring)

@: mighty, lethally poisoned (-1 -> -16)
A: no striking features
a: no special abilities


You were on level 3 of the Dungeon.
You visited 1 branch of the dungeon, and saw 3 of its levels.

You collected 54 gold pieces.

Inventory:

Hand Weapons
 a - a +0 war axe (weapon)
Missiles
 j - 131 stones (quivered)
Armour
 b - a +0 scale mail
 c - a +0 kite shield (worn)
 m - a +2 robe of willpower (worn)
Jewellery
 e - a ring of magical power (left hand)
Scrolls
 f - 2 scrolls of noise
 i - a scroll of magic mapping
 k - a scroll of silence
 l - a scroll of fog {unknown}
Potions
 g - a potion of flight {unknown}
 n - a potion of curing {unknown}


   Skills:
 + Level 4.3 Fighting
 + Level 5.6 Axes
 + Level 1.6 Throwing
 + Level 4.0 Armour
 + Level 0.6 Dodging
 + Level 0.3 Stealth
 + Level 4.3 Shields


You had 5 spell levels left.
You didn't know any spells.
Your spell library contained the following spells:

 Spells                   Type           Power      Damage    Failure   Level
 Stone Arrow              Conj/Erth      0%         3d7       99%         3
 Bolt of Magma            Conj/Fire/Erth 0%         4d4       100%        5
 Shatter                  Erth           0%         3d5*      100%        9


Dungeon Overview and Level Annotations

Branches:
Dungeon (3/15)

Altars:

Annotations:
D:3 Robin


Message History

Robin is lightly wounded.
Robin hits you with a +2 short sword of venom.
You are poisoned.
Robin closely misses you.
You slash Robin!
Robin is severely wounded.
You feel very sick. Robin hits you but does no damage.
You are more poisoned.
You hit Robin but do no damage.
Robin is severely wounded.
You feel very sick. Robin closely misses you. You block Robin's attack.
You hit Robin but do no damage.
Robin is severely wounded.
You feel very sick. You block Robin's attack.
You barely miss Robin.
Robin is severely wounded.
You feel sick.
Robin says, "Kneel, worm!"
Robin hits you with a +2 short sword of venom.
You are more poisoned.
Robin hits you with a +2 short sword of venom.
* * * LOW HITPOINT WARNING * * *
You are lethally poisoned!
You barely miss Robin.
Robin is severely wounded.
* * * LOW HITPOINT WARNING * * *
You feel extremely sick.
The hobgoblin no longer looks unusually strong.
Robin completely misses you.
You feel very mighty all of a sudden.
* * * LOW HITPOINT WARNING * * *
You feel very sick.
Robin roars a battlecry!
The hobgoblin goes into a battle-frenzy!
You hit Robin.
Robin is almost dead.
You die...

#..# #<.# #.######..#
#.........# #..>#####.##
#.#.# #)# #.#.# #)#
############.#.## #.#
....ggg@)).#....####.#
##########.#.........###
####.#......#.....
#............รท.###
#.####........##
##.####..#####.#
.........# #.####
..######.# #...(. #.#
#.####


You could see Robin, a gnoll and a hobgoblin (strong).

Vanquished Creatures
  A phantom (D:3)
  Jessica (D:2)
  Natasha (twice) (D:2)
  3 gnolls (D:3)
  3 adders (D:2)
  2 worms (D:2)
  2 dart slugs
  7 ball pythons
  7 endoplasms
  3 giant cockroaches (D:2)
  4 hobgoblins
  4 kobolds
  5 quokkas
  3 bats (D:2)
  A frilled lizard (D:1)
  9 goblins
  3 rats
60 creatures vanquished.

Notes
Turn   | Place    | Note
-------+----------+-------------------------------------------
     0 | D:1      | ZARRMARR the Hill Orc Fighter began the quest for the Orb.
     0 | D:1      | Reached XP level 1. HP: 19/19 MP: 1/1
   269 | D:1      | Reached XP level 2. HP: 21/27 MP: 2/2
   871 | D:1      | Reached skill level 3 in Axes
  1041 | D:2      | Reached XP level 3. HP: 28/33 MP: 3/3
  1532 | D:2      | Reached XP level 4. HP: 40/40 MP: 4/4
  1544 | D:2      | Noticed Natasha
  1549 | D:2      | Killed Natasha
  1550 | D:2      | Reached skill level 4 in Axes
  1995 | D:2      | Noticed Natasha
  2001 | D:2      | Killed Natasha
  2002 | D:2      | Reached XP level 5. HP: 26/46 MP: 5/5
  2178 | D:2      | Noticed Jessica
  2186 | D:2      | Killed Jessica
  2187 | D:2      | Reached skill level 1 in Throwing
  2260 | D:2      | Found a faded altar of an unknown god.
  2594 | D:3      | Reached skill level 5 in Axes
  2639 | D:3      | Noticed a phantom
  2657 | D:3      | Killed a phantom
  2658 | D:3      | Reached XP level 6. HP: 21/52 MP: 6/6
  2904 | D:3      | Noticed Robin
  2922 | D:3      | Succumbed to Robin's poison

Illustrated notes

Levels and vault maps discovered:
D:1:      pf_arrival_petrified_forest, layout_loops_ring
D:2:      minmay_thinvault, layout_loops_corners,
          shapermc_ecumenical_altar_notcrosses, hangedman_decor_clover_reticule,
          uniq_jessica, uniq_natasha
D:3:      layout_loops_ring, uniq_robin

Skill      XL: |  1  2  3  4  5 |
---------------+----------------+-----
Axes           | 3 4 5 |  5.6
Fighting       | 4 |  4.3
Shields        | 4 |  4.3
Throwing       | 1 |  1.6
Armour         | 4 |  4.0
Dodging        | |  0.6
Stealth        | |  0.3

Action                   |  1- 3 |  4- 6 || total
-------------------------+-------+-------++-------
Melee: War axe           |    90 |    80 ||   170
Throw: Dart              |     7 |       ||     7
       Stone             |    24 |    37 ||    61
  Use: Scroll            |     2 |     1 ||     3
       Potion            |       |     1 ||     1
Armor: Scale mail        |    34 |    21 ||    55
       Robe              |       |     5 ||     5
Dodge: Dodged            |    28 |    24 ||    52
Block: Kite shield       |    54 |    34 ||    88
